 Dungeon Crawl Stone Soup version 0.21.1-1-g345015f (webtiles) character file.

57 inc the Chiller (level 4, -1/28 HPs)
             Began as an Octopode Ice Elementalist on June 13, 2018.
             Was an Initiate of Okawaru.
             Slain by a centaur (5 damage)
             ... on level 2 of the Dungeon.
             The game lasted 00:02:20 (2170 turns).

inc the Chiller (Octopode Ice Elementalist)         Turns: 2170, Time: 00:02:21

Health: -1/28      AC:  6    Str:  7    XL:     4   Next: 0%
Magic:  3/7        EV: 13    Int: 18    God:    Okawaru [......]
Gold:   83         SH:  0    Dex: 12    Spells: 3/7 levels left

rFire    . . .     SeeInvis .     - Unarmed
rCold    . . .     Gourm    .   (no shield)
rNeg     . . .     Faith    .   (helmet restricted)
rPois    .         Spirit   .   (no amulet)
rElec    .         Reflect  .   (no ring)
rCorr    .         Harm     .   (no ring)
MR       .....                  (no ring)
Stlth    +++.......             (no ring)
HPRegen  0.09/turn              (no ring)
MPRegen  0.10/turn              (no ring)
                                (no ring)
                                (no ring)

@: icy armour, slow
A: almost no armour, stealthy swim, amphibious, 8 rings, constrict 8, camouflage
1, gelatinous body 1
a: Renounce Religion


You were on level 2 of the Dungeon.
You worshipped Okawaru.
Okawaru was noncommittal.
You were not hungry.

You visited 1 branch of the dungeon, and saw 2 of its levels.

You collected 83 gold pieces.

Inventory:

Jewellery
 c - an uncursed ring of fire {unknown}
Scrolls
 e - a scroll of amnesia {unknown}
 f - 2 scrolls of identify {unknown}
 g - 2 scrolls of magic mapping {unknown}
 i - a scroll of remove curse {unknown}
 m - a scroll of noise {unknown}
Potions
 d - 2 potions of agility {unknown}
 h - a potion of degeneration {unknown}
 j - a potion of curing {unknown}
 k - a potion of heal wounds {unknown}
 l - a potion of brilliance {unknown}
Books
 a - a book of Frost

   Spells                             Type                      Level
   a - Freeze                         Ice                          1
   b - Throw Frost                    Conjuration/Ice              2
   c - Ozocubu's Armour               Charms/Ice                   3
   d - Throw Icicle                   Conjuration/Ice              4
   e - Summon Ice Beast               Ice/Summoning                4
Comestibles
 b - 5 rations
 n - a chunk of flesh


   Skills:
 - Level 1.6 Fighting
 - Level 2.0 Dodging
 - Level 2.6 Stealth
 - Level 1.6 Unarmed Combat
 - Level 2.0 Spellcasting
   Level 1.0 Conjurations
 + Level 2.1 Charms
 - Level 3.0 Ice Magic


You had 3 spell levels left.
You knew the following spells:

 Your Spells              Type           Power        Failure   Level  Hunger
a - Freeze                Ice            ##..         5%          1    #......
b - Ozocubu's Armour      Chrm/Ice       ##......     19%         3    ###....


Dungeon Overview and Level Annotations

Branches:
Dungeon (2/15)

Altars:
Ashenzari
Cheibriados
Elyvilon
Okawaru


Innate Abilities, Weirdness & Mutations

You cannot wear most types of armour.
You are very stealthy in the water. (Stealth+)
You are amphibious.
You can wear up to eight rings at the same time.
You can use your tentacles to constrict eight enemies at once.
Your skin changes colour to match your surroundings (Stealth+).
Your rubbery body absorbs attacks. (AC +1, EV +1)


Message History

Unknown command.
You tentacle-slap the centaur.
The centaur is lightly wounded.
The centaur hits you.
* * * LOW HITPOINT WARNING * * *
Unknown command.
Okay, then.
Cast which spell? (? or * to list)
A film of ice covers your body! The centaur closely misses you.
The centaur hits you but does no damage.
Unknown command.
Casting: Ozocubu's Armour
Confirm with . or Enter, or press ? or * to list all spells.
Aiming: Freeze
Press: ? - help, Shift-Dir - straight line, f - centaur
Aim: a centaur (lightly wounded)
You freeze the centaur.
The centaur is heavily wounded.
The centaur hits you.
You die...

#....#
###.>...#♣..
###### #.....#♣..
#.....#♣..
......##..#♣..
.########.#♣♣.
####c# #.###♣
#... #...##
#####c# #####...
#....@# #.......
#.(...#
###.####.#
#(....#######...#
#.#
#......!......###
##.#
#.....#########
#... #..(..# #.##
####### ######.##
#.......†
#...>....


You could see a centaur.

Vanquished Creatures
  An adder (D:2)
  A worm (D:2)
  2 dart slugs (D:1)
  2 leopard geckos
  2 bats (D:2)
  3 giant cockroaches
  6 goblins
  3 hobgoblins
  4 jackals (D:2)
  2 kobolds (D:1)
  2 ball pythons (D:1)
  3 frilled lizards (D:1)
  6 rats (D:1)
37 creatures vanquished.

Notes
Turn   | Place    | Note
-------+----------+-------------------------------------------
     0 | D:1      | inc the Octopode Ice Elementalist began the quest for the Orb.
     0 | D:1      | Reached XP level 1. HP: 11/11 MP: 3/3
   213 | D:1      | Reached skill level 1 in Fighting
   213 | D:1      | Reached skill level 1 in Unarmed Combat
   213 | D:1      | Reached XP level 2. HP: 18/18 MP: 5/5
   805 | D:1      | Reached XP level 3. HP: 18/23 MP: 6/6
   810 | D:1      | Learned a level 3 spell: Ozocubu's Armour
   950 | D:2      | Reached skill level 1 in Charms
  1384 | D:2      | Found an iron altar of Okawaru.
  1398 | D:2      | Became a worshipper of Warmaster Okawaru
  1415 | D:2      | Found a shattered altar of Ashenzari.
  2066 | D:2      | Found a snail-covered altar of Cheibriados.
  2102 | D:2      | Found a white marble altar of Elyvilon.
  2160 | D:2      | Reached XP level 4. HP: 28/28 MP: 7/7
  2161 | D:2      | Noticed a centaur
  2170 | D:2      | Slain by a centaur

Skill      XL: |  1  2  3 |
---------------+----------+-----
Fighting       | 1 |  1.6
Unarmed Combat | 1 |  1.6
Charms         | 2 |  2.1
Dodging        | |  2.0
Stealth        | |  2.6
Spellcasting   | |  2.0
Conjurations   | |  1.0
Ice Magic      | |  3.0

Action                   |  1- 3 |  4- 6 || total
-------------------------+-------+-------++-------
Melee: Unarmed           |   106 |     2 ||   108
       Constrict         |    33 |       ||    33
       Tentacles         |    20 |       ||    20
 Cast: Freeze            |       |     1 ||     1
       Ozocubu's Armour  |       |     1 ||     1
 Stab: Sleeping          |    14 |       ||    14
  Eat: Chunk             |     4 |       ||     4
Armor: Skin              |    12 |     1 ||    13
Dodge: Dodged            |    76 |     5 ||    81
